Map: Crête de Lerilak

Players

nybbler

  • Race: Zerg Zerg
  • League: Diamond

Senryakku - Winner!

  • Race: Terran Terran
  • League: Diamond

VOD

Have the link to the VOD?

Description

Time

  • Played on: Dec. 1, 2015, 4:47 p.m.
  • Length: 7:12
Show
View Real Time Build Order
Export as new Build Order

nybbler Zerg 

Build Orders: Pool First 

Get SALT Encoding   

  12  0:01  Drone  
  13  0:08  Drone  
  14  0:17  Overlord  
  14  0:35  Spawning Pool  
  13  0:36  Drone  
  13  0:40  Drone  
  15  0:45  Drone  
  15  0:48  Drone  
  17  0:58  Drone  
  18  1:13  Hatchery  
  18  1:15  Extractor  
  16  1:23  Queen  
  18  1:27  Drone  
  18  1:30  Drone  
  20  1:33  Drone  
  21  1:44  Overlord  
  21  1:54  Zergling x2  
  22  2:02  Queen  
  22  2:06  Drone  
  26  2:15  Drone  
  26  2:20  Metabolic Boost  
  26  2:24  Drone  
  26  2:26  Drone, Queen  
  30  2:38  Drone x4  
  30  2:44  Queen  
  36  2:56  Overlord x2  
  36  3:02  Spine Crawler  
  34  3:13  Drone x2  
  34  3:16  Drone x7  
  43  3:25  Drone x2  
  45  3:27  Drone  
  45  3:33  Extractor  
  45  3:35  Extractor  
  45  3:36  Roach Warren  
  45  3:38  Drone x2  
  45  3:41  Overlord, Extractor  
  45  3:45  Zergling x4  
  45  3:46  Zergling x2  
  47  3:53  Overlord  
  47  3:54  Lair  
  47  4:00  Drone x3  
  50  4:08  Drone x2  
  52  4:21  Hatchery  
  51  4:36  Roach  
  51  4:37  Roach x5  
  63  4:39  Overlord  
  63  4:42  Drone x2  
  65  4:45  Drone  
  65  4:46  Drone  
  65  4:50  Overlord  
  65  4:52  Glial Reconstitution  
  66  5:01  Ravager x3  
  66  5:04  Ravager  
  66  5:05  Ravager x2  
  72  5:21  Roach x6  
  83  5:23  Drone  
  83  5:28  Overlord x3  
  83  5:36  Evolution Chamber  
  83  5:37  Evolution Chamber  
  81  5:43  Overlord x2  
  81  5:44  Drone x3  
  81  5:48  Spine Crawler  
  83  6:00  Overlord  
  83  6:03  Drone x2  
  85  6:11  Drone x2  
  85  6:12  Drone x4  
  85  6:16  Drone  
  85  6:17  Drone x2  
  94  6:24  Spore Crawler  
  94  6:25  Spore Crawler  
  92  6:29  Spore Crawler  
  91  6:33  Overseer  
  79  6:40  Spore Crawler  
  79  6:41  Spore Crawler  
Show
View Real Time Build Order
Export as new Build Order

Senryakku Terran - Winner!

Build Orders: Hellion Banshee 

Get SALT Encoding   

  12  0:01  SCV  
  13  0:13  SCV  
  14  0:17  Supply Depot  
  14  0:25  SCV  
  15  0:39  SCV  
  15  0:40  Barracks  
  16  0:51  SCV  
  17  1:04  SCV  
  18  1:16  SCV  
  19  1:27  Marine  
  19  1:29  Orbital Command  
  20  1:39  Command Center  
  20  1:47  Refinery x2, Marine  
  21  1:57  SCV  
  21  1:59  Supply Depot  
  22  2:05  Marine  
  23  2:20  SCV  
  24  2:27  Marine  
  25  2:32  SCV  
  25  2:36  Factory  
  26  2:45  Barracks Reactor  
  26  2:50  SCV  
  27  2:51  Orbital Command  
  27  3:01  Bunker  
  27  3:02  SCV  
  28  3:11  Orbital Command  
  28  3:14  SCV  
  29  3:25  Starport  
  29  3:26  Hellion x2  
  33  3:27  Starport  
  33  3:33  Supply Depot  
  33  3:35  SCV  
  33  3:37  SCV  
  35  3:47  SCV  
  36  3:50  Hellion x2  
  40  3:56  Supply Depot  
  40  3:59  SCV  
  40  4:02  Refinery  
  41  4:03  SCV  
  41  4:04  Refinery  
  41  4:08  Starport Tech Lab x2  
  42  4:11  SCV, Hellion x2  
  47  4:19  Supply Depot  
  47  4:20  SCV  
  47  4:23  SCV  
  49  4:32  SCV  
  49  4:35  SCV, Hellion  
  49  4:38  Banshee  
  56  4:39  Banshee  
  56  4:42  Cloaking Field  
  60  4:45  SCV  
  60  4:48  Supply Depot  
  60  4:59  Hellion x2  
  64  5:01  SCV  
  65  5:18  SCV x2  
  65  5:20  Supply Depot  
  69  5:21  Hellion x2  
  69  5:22  Banshee  
  69  5:23  Banshee  
  75  5:40  SCV x2  
  77  5:45  Widow Mine x2  
  77  5:46  Supply Depot  
  81  5:52  SCV x2  
  81  5:53  Factory  
  83  6:04  SCV x2  
  83  6:10  Banshee x2  
  91  6:11  Supply Depot  
  91  6:15  Widow Mine  
  93  6:20  Starport  
  93  6:21  Widow Mine  
  93  6:24  Supply Depot  
Tags
 
Add a new tag
Caveats
  • Supply blocks, unpowered buildings, or Contaminate may cause inaccurate times.
  • Supply counts are checked every 10 seconds.